Unix NetHack Version 3.7.0-59 Work-in-progress - last build Jun 5 2022 07:06:30 (499eea869b49aadf0d9bfe9a757f046f4740a4be,branch:master). Game began 2022-06-07 21:48:35, ended 2022-06-07 21:57:30. Vis, lawful male human Samurai --- --.-- ---- |...-------..| |-...........| |......------------ ---......).G......... |...... ..@--------.. |...).. .h%---- |.... ---.|.. ....).| --.... --.. ......| |......- |... ...---- |..|...- --.. ..-- -----...| .. |.....| |...| ... --....| |-..-- ---.-- ----..... --- |...[.... |..--- ---- Vis the Ronin St:13 Dx:17 Co:18 In:13 Wi:9 Ch:6 Lawful S:747 Dlvl:6 $:37 HP:0(40) Pw:13(13) AC:4 Xp:4/115 T:1398 Latest messages: The gnome hits! You kill the gnome! Welcome to experience level 4. You see here a ring mail. You hit the gnome. You miss the gnome. The gnome hits! You kill the gnome! You hear a chugging sound. The gnome swings his aklys. The gnome misses! The gnome swings his aklys. The gnome hits! You hit the gnome! You hit the gnome. You kill the gnome! s - a scroll labeled NR 9. There is a gnome corpse here; eat it? [ynq] (n) y This gnome corpse tastes terrible! You hear crashing rock. You finish eating the gnome corpse. You hear crashing rock. You kill the gnome! There is a gnome corpse here; eat it? [ynq] (n) y This gnome corpse tastes okay. You finish eating the gnome corpse. The gnome hurls a brilliant blue potion! The jar crashes on your head and breaks into shards. The brilliant blue potion evaporates. You feel rather tired. You can move again. You miss the gnome. You kill the gnome! You see here an aklys. The gnome misses! The dwarf swings his dwarvish mattock. The dwarf hits! The gnome hits! The dwarf swings his dwarvish mattock. The dwarf hits! The gnome hits! You hit the gnome. The gnome misses! You hit the gnome. You kill the gnome! The dwarf swings his dwarvish mattock. The dwarf hits! You die... Do you want your possessions identified? [ynq] (y) y Do you want to see your attributes? [ynq] (y) q Major events: Turn 1: Vis the lawful male human Samurai entered the dungeon 812: attained the rank of Ronin (level 3) 1156: entered the Gnomish Mines 1398: killed by a dwarf Inventory: Coins $ - 37 gold pieces Weapons d - 33 +0 ya (in quiver) c - a +0 yumi q - a +0 orcish dagger a - a rusty +0 katana (weapon in hand) b - a +0 wakizashi (alternate weapon; not wielded) Armor p - an uncursed +0 leather jacket e - an uncursed rustproof +0 splint mail (being worn) Comestibles n - an uncursed tin of soup made from green mold g - an uncursed lichen corpse Scrolls m - a blessed scroll of earth j - an uncursed scroll of enchant armor s - an uncursed scroll of fire o - an uncursed scroll of identify Potions r - an uncursed potion of gain level f - a cursed potion of hallucination l - a cursed potion of sickness Rings i - a cursed -1 ring of adornment Vis the Samurai's attributes: Background: You were a Ronin, a level 4 male human Samurai. You were lawful, nominally on a mission for Amaterasu Omikami who was opposed by Raijin (neutral) and Susanowo (chaotic). You were in the Gnomish Mines, on level 6. You entered the dungeon 1398 turns ago. You had 115 experience points, 45 more were needed to attain level 5. Your score was 747 before end-of-game adjustments. Basics: You had 0 out of 40 hit points. You had all 13 energy points (spell power). Your armor class was 4. Your wallet contained 37 zorkmids. Autopickup was on for '$?!/"=' plus thrown. Final Characteristics: Your strength was 13 (limit:18/100). Your dexterity was 17 (limit:18). Your constitution was 18 (limit:18). Your intelligence was 13 (limit:18). Your wisdom was 9 (limit:18). Your charisma was 6 (limit:18). Final Status: You were not hungry. You were unencumbered. You were wielding a long sword. You had basic skill with long sword. Final Attributes: You were devoutly aligned. You were warded. You were fast. You are dead. Miscellaneous: You never encountered a bones level. Total elapsed playing time was 8 minutes and 55 seconds. Vanquished creatures: a little dog a homunculus an orc zombie a coyote a hobgoblin 2 giant rats a brown mold a yellow mold 7 gnomes a gnome zombie a gecko a jackal a fox 2 kobolds 2 goblins 3 sewer rats 6 grid bugs a lichen 2 kobold zombies a newt 37 creatures vanquished. No species were genocided or became extinct. Voluntary challenges: You were an atheist. You were illiterate. You never engraved Elbereth. You never genocided any monsters. You never polymorphed an object. You never changed form. You used no wishes. Achievements: You entered a shop. You attained the rank of Ronin. You entered the Gnomish Mines. The Dungeons of Doom: levels 1 to 5 Level 1: Level 2: A general store, a fountain. Level 3: A fountain. Level 4: A fountain. Stairs down to The Gnomish Mines. Level 5: The Gnomish Mines: levels 5 to 6 Level 5: Level 6: <- You were here. Final resting place for you, killed by a dwarf. Game over: ---------- / \ / REST \ / IN \ / PEACE \ / \ | Vis | | 37 Au | | killed by a | | dwarf | | | | | | 2022 | *| * * * | * _________)/\\_//(\/(/\)/\//\/|_)_______ Sayonara Vis the Samurai... You died in The Gnomish Mines on dungeon level 6 with 744 points, and 37 pieces of gold, after 1398 moves. You were level 4 with a maximum of 40 hit points when you died.